Map: Lost and Found LE

Players

Aubameyang

  • Race: Protoss Protoss
  • Spawn Location: 7:00

Isszul - Winner!

  • Race: Zerg Zerg
  • Spawn Location: 1:00

VOD

Have the link to the VOD?

Description

Time

  • Played on: June 29, 2018, 11:43 a.m.
  • Length: 10:48
Show
View Real Time Build Order
Export as new Build Order

Aubameyang Protoss 

Build Orders:  

Get SALT Encoding   

  12  0:01  Probe  
  13  0:13  Probe  
  14  0:25  Probe  
  15  0:29  Pylon  
  15  0:43  Probe  
  15  0:47  Forge  
  16  0:52  Probe  
  17  1:01  Probe  
  18  1:12  Pylon  
  18  1:13  Probe  
  19  1:21  Probe  
  20  1:30  Photon Cannon  
  20  1:40  Photon Cannon  
  20  1:50  Probe  
  21  2:00  Gateway  
  21  2:02  Photon Cannon  
  21  2:10  Pylon  
  21  2:16  Probe  
  21  2:18  Assimilator  
  22  2:25  Nexus  
  22  2:41  Photon Cannon  
  22  2:43  Pylon  
  22  3:04  Cybernetics Core  
  22  3:06  Pylon  
  22  3:11  Probe  
  22  3:19  Probe  
  23  3:21  Assimilator  
  23  3:25  Pylon  
  24  3:29  Probe  
  24  3:32  Assimilator  
  25  3:34  Assimilator  
  25  3:41  Photon Cannon  
  25  4:03  Probe, Stargate  
  25  4:06  Probe  
  27  4:11  Probe  
  28  4:18  Probe  
  28  4:21  Probe  
  28  4:23  Stargate  
  30  4:27  Protoss Air Weapons Level 1, Pylon  
  30  4:30  Probe  
  30  4:31  Probe  
  31  4:38  Probe  
  32  4:43  Probe  
  34  4:47  Probe  
  35  4:55  Pylon  
  35  4:58  Photon Cannon  
  35  4:59  Probe  
  36  5:00  Photon Cannon  
  36  5:04  Void Ray  
  36  5:12  Void Ray  
  44  5:27  Pylon  
  44  5:34  Pylon  
  44  5:40  Void Ray  
  44  5:46  Pylon  
  44  5:49  Pylon  
  48  6:04  Void Ray  
  52  6:15  Fleet Beacon  
  52  6:19  Stargate  
  52  6:38  Void Ray  
  56  6:40  Probe  
  56  6:41  Probe  
  58  6:48  Probe  
  58  6:49  Probe  
  60  6:58  Probe x2  
  62  7:04  Nexus  
  62  7:10  Probe  
  63  7:44  Carrier  
  63  7:45  Carrier x2  
  81  7:53  Graviton Catapult  
  81  8:00  Probe x2  
  83  8:06  Protoss Air Weapons Level 2  
  83  8:12  Probe x2  
  84  8:17  Pylon  
  84  8:19  Assimilator  
  85  8:20  Probe  
  85  8:25  Probe  
  87  8:28  Probe  
  88  8:37  Probe  
  81  9:08  Probe x2  
  81  9:09  Probe  
  84  9:10  Assimilator  
  84  9:15  Photon Cannon  
  84  9:16  Photon Cannon  
  84  9:17  Photon Cannon  
  84  9:19  Photon Cannon  
  84  9:20  Photon Cannon  
  84  9:22  Photon Cannon  
  84  9:23  Shield Battery  
  84  9:24  Pylon  
  84  9:30  Probe  
  84  9:31  Probe x2  
  93  9:49  Pylon  
  93  9:52  Stargate  
  93  9:53  Pylon  
  93  10:11  Probe  
  93  10:12  Probe  
  109  10:23  Probe  
  109  10:24  Probe  
  103  10:36  Probe  
Show
View Real Time Build Order
Export as new Build Order

Isszul Zerg - Winner!

Build Orders: Hatch First 

Get SALT Encoding   

  12  0:00  Drone  
  13  0:13  Overlord  
  13  0:18  Drone  
  14  0:31  Drone x2  
  16  0:37  Drone  
  17  0:52  Hatchery  
  17  0:56  Drone  
  17  0:58  Drone  
  18  1:10  Extractor  
  17  1:14  Spawning Pool  
  16  1:22  Drone x2  
  18  1:43  Hatchery  
  18  1:46  Drone  
  18  1:48  Drone  
  19  1:55  Overlord  
  20  2:01  Zergling x2  
  21  2:08  Spine Crawler  
  21  2:11  Extractor  
  21  2:12  Roach Warren  
  21  2:15  Drone  
  19  2:28  Drone  
  20  2:36  Drone  
  21  2:45  Drone  
  22  2:55  Roach x2  
  22  2:56  Queen  
  28  3:03  Queen  
  28  3:05  Drone  
  30  3:13  Drone  
  30  3:17  Ravager  
  30  3:19  Drone x2  
  35  3:20  Ravager  
  35  3:27  Overlord  
  35  3:30  Drone  
  36  3:42  Spore Crawler  
  36  3:44  Spore Crawler  
  36  3:45  Drone  
  36  3:46  Drone  
  36  3:48  Drone  
  37  3:51  Drone  
  38  4:04  Drone  
  38  4:06  Hatchery, Drone  
  38  4:08  Drone  
  40  4:10  Drone  
  40  4:15  Overlord  
  41  4:21  Drone  
  41  4:22  Drone  
  41  4:24  Drone  
  44  4:28  Overlord  
  44  4:33  Overlord  
  44  4:36  Drone  
  44  4:38  Drone  
  46  4:40  Drone  
  46  4:44  Drone x2  
  49  4:48  Overlord  
  49  4:51  Drone  
  50  4:53  Drone  
  50  4:56  Extractor  
  50  4:59  Extractor  
  49  5:00  Lair  
  49  5:04  Overlord  
  49  5:09  Drone x2  
  49  5:10  Drone  
  49  5:13  Drone  
  53  5:19  Drone x4  
  57  5:24  Drone x3  
  60  5:29  Drone x2  
  60  5:32  Drone x2  
  64  5:36  Drone  
  64  5:40  Drone x2  
  67  5:44  Drone  
  62  5:58  Queen x3  
  68  6:06  Drone x8, Hydralisk Den  
  68  6:10  Extractor x2  
  73  6:22  Spore Crawler  
  73  6:23  Drone  
  73  6:24  Drone x2, Spore Crawler  
  74  6:26  Overlord  
  74  6:45  Overlord x5  
  74  6:53  Spore Crawler  
  73  6:54  Muscular Augments  
  73  6:55  Spore Crawler  
  73  6:56  Overlord x2  
  72  7:03  Queen x3  
  72  7:08  Hydralisk x3  
  84  7:27  Hydralisk x4  
  84  7:28  Hydralisk x4  
  100  7:38  Queen x3  
  100  7:42  Hydralisk x2  
  100  7:43  Hydralisk x5  
  120  7:51  Evolution Chamber  
  120  7:52  Drone  
  120  7:53  Drone x2  
  120  7:58  Overlord x3  
  122  8:06  Grooved Spines  
  122  8:16  Infestation Pit  
  122  8:17  Hatchery  
  120  8:25  Zerg Missile Weapons Level 1  
  120  8:26  Queen  
  122  8:27  Overseer x2  
  122  8:30  Overseer  
  122  8:33  Overseer  
  122  8:34  Hydralisk x4  
  122  8:35  Hydralisk x2  
  134  8:58  Hydralisk x5  
  144  9:13  Spire  
  144  9:16  Drone x2  
  145  9:22  Hatchery  
  144  9:26  Hydralisk  
  144  9:28  Overlord x4  
  146  9:37  Hatchery  
  145  9:38  Hatchery  
  145  9:39  Hydralisk  
  146  9:46  Hydralisk x6  
  158  9:54  Hydralisk x2  
  148  10:14  Hydralisk x7  
  148  10:15  Hydralisk  
Tags
 
Add a new tag
Caveats
  • Supply blocks, unpowered buildings, or Contaminate may cause inaccurate times.
  • Supply counts are checked every 10 seconds.